 Dungeon Crawl Stone Soup version 0.27.1-2-g3b301248ec (webtiles) character file.

Game seed: 4841905740294211917

1341 barney the Changer (level 8, -1/59 HPs)
             Began as a Black Draconian Transmuter on Oct 1, 2021.
             Was a Follower of Vehumet.
             Succumbed to a killer bee's poison
             ... on level 7 of the Dungeon.
             The game lasted 00:09:36 (9331 turns).

barney the Changer (Black Draconian Transmuter)     Turns: 9331, Time: 00:09:37

Health: -1/59      AC:  2    Str: 12 (13) XL:     8   Next: 35%
Magic:  8/15       EV: 22    Int: 13 (16) God:    Vehumet [*.....]
Gold:   319        SH:  0    Dex: 14 (16) Spells: 7/16 levels left

rFire    . . .     SeeInvis .     - Unarmed
rCold    . . .     Faith    .   (shield currently unavailable)
rNeg     . . .     Spirit   .   (armour unavailable)
rPois    x         Reflect  .   (helmet currently unavailable)
rElec    .         Harm     .   (cloak currently unavailable)
rCorr    .         Rampage  .   (gloves currently unavailable)
Will     .....                  (boots currently unavailable)
Stlth    +.........             (no amulet)
HPRegen  0.19/turn              i - +4 ring of evasion
MPRegen  0.14/turn              (no ring)

@: lethally poisoned (-1 -> -14), short of breath, spider-form, wereblooded,
very slightly contaminated, invisible
A: venomous fangs, (breathe lightning), AC +6, tiny, unfitting armour,
(electricity resistance), (cold-blooded)
a: End Transformation, Renounce Religion


You were on level 7 of the Dungeon.
You worshipped Vehumet.
Vehumet was aware of your devotion.
You were a venomous arachnid creature.
You visited 1 branch of the dungeon, and saw 7 of its levels.

You collected 319 gold pieces.

Inventory:

Hand Weapons
 o - a +4 whip of venom (melded)
Missiles
 r - a throwing net
Armour
 n - a +0 cloak (melded)
Jewellery
 i - a +4 ring of evasion (left front leg)
Wands
 b - a wand of acid (6)
 c - a wand of iceblast (8)
Scrolls
 f - 3 scrolls of identify
 g - 2 scrolls of teleportation
 p - a scroll of immolation
Potions
 a - a potion of resistance


   Skills:
 - Level 1.1 Fighting
 - Level 1.7 Dodging
 - Level 3.0 Unarmed Combat
 + Level 4.9 Spellcasting
 + Level 7.6 Transmutations
 + Level 4.8 Ice Magic


You had 7 spell levels left.
You knew the following spells:

 Your Spells              Type           Power      Damage    Failure   Level
b - Spider Form           Tmut/Pois      6%         N/A       28%         3
c - Ice Form              Ice/Tmut       19%        N/A       32%         4
d - Wereblood             Tmut           23%        N/A       6%          2

Your spell library contained the following spells:

 Spells                   Type           Power      Damage    Failure   Level
 Freeze                   Ice            60%        1d8       10%         1
 Beastly Appendage        Tmut           46%        N/A       4%          1
 Ensorcelled Hibernation  Hex/Ice        18%        N/A       26%         2
 Blink                    Tloc           N/A        N/A       50%         2
 Inner Flame              Hex/Fire       3%         N/A       71%         3
 Lesser Beckoning         Tloc           1%         N/A       71%         3
 Stone Arrow              Conj/Erth      6%         3d7       71%         3
 Summon Ice Beast         Ice/Summ       9%         N/A       77%         4
 Cause Fear               Hex            1%         N/A       96%         4
 Manifold Assault         Tloc           3%         N/A       100%        5
 Summon Mana Viper        Hex/Summ       3%         N/A       100%        5
 Shadow Creatures         Summ           N/A        N/A       100%        6
 Monstrous Menagerie      Summ           1%         N/A       100%        7
 Discord                  Hex            1%         N/A       100%        8
 Lehudib's Crystal Spear  Conj/Erth      1%         10d2      100%        8
 Animate Armour           Summ/Erth      Unusable   N/A       N/A         4

Dungeon Overview and Level Annotations

Branches:
Dungeon (7/15)
 Temple: D:4-7

Altars:
Dithmenos
Fedhas
Gozag
Makhleb
Nemelex Xobeh
Qazlal
Ru
Vehumet

Shops:
D:6 (


Innate Abilities, Weirdness & Mutations

You are a venomous arachnid creature.
You have poisonous fangs.
You are tiny and dextrous.
Your spellcasting is less reliable in this form.
Your armour is entirely melded.
You are incapable of wielding weapons or throwing items.
((You can breathe wild blasts of lightning.))
((Your glossy black scales are hard. (AC +6)))
You cannot fit into any form of body armour.
((You are resistant to electric shocks. (rElec)))
((You are cold-blooded and may be slowed by cold attacks.))


Message History

You completely miss the killer bee.
The killer bee is almost dead.
The killer bee barely misses you. The killer bee misses you.
You hit the killer bee.
You feel a bit better.
You kill the killer bee!
Vehumet accepts your kill. The killer bee misses you.
You closely miss the killer bee.
The killer bee is lightly wounded.
The killer bee misses you. The killer bee closely misses you.
You barely miss the killer bee.
The killer bee is lightly wounded.
You hiss as the wereblood boils in your veins!
The killer bee stings you! The killer bee stings you.
The orc wizard casts a spell.
The orc wizard flickers and vanishes!
Deactivating autopickup; reactivate with Ctrl-A.
You hit the killer bee.
The killer bee is poisoned.
The killer bee is lightly wounded.
The killer bee stings you.
You are poisoned.
The killer bee poisons you! The killer bee stings you.
You completely miss the killer bee.
The killer bee is moderately wounded.
* * * LOW HITPOINT WARNING * * *
You feel very sick. The killer bee completely misses you.
The killer bee barely misses you.
The orc priest mumbles some strange prayers to Beogh against you.
Beogh smites you!
* * * LOW HITPOINT WARNING * * *
You fade into invisibility!
You hiss as the wereblood boils in your veins!
* * * LOW HITPOINT WARNING * * *
You feel very sick.
The killer bee completely misses you. x2
You are very lightly contaminated with residual magic.
It was a potion of degeneration.
There was something very wrong with that liquid.
You feel weakened.
You feel dopey.
You feel clumsy.
You die...

#.o......
#.....o..
#Zo......
#oo.yy... #{# #o#
#y# #y# #s# #.#
#.################
#.................
##################


You could see 2 killer bees, an orc priest, an orc wizard, 2 orcs and a wyvern
zombie.

Vanquished Creatures
  Eustachio (D:4)
  A black bear (D:5)
  A phantom (D:6)
  A bullfrog (D:6)
  2 scorpions
  A water moccasin skeleton (D:4)
  4 killer bees (D:7)
  A howler monkey (D:5)
  2 orc priests
  2 hounds (D:5)
  A centaur skeleton (D:4)
  2 iguanas
  A bullfrog skeleton (D:6)
  An orc wizard (D:6)
  Natasha (twice) (D:2)
  A hound skeleton (D:4)
  Robin (D:3)
  10 adders
  A white imp (D:5)
  An ufetubus (D:4)
  A worm (D:2)
  11 dart slugs
  16 orcs
  6 endoplasms
  2 giant cockroaches
  17 goblins
  8 hobgoblins
  7 jackals
  10 kobolds
  7 quokkas
  8 ball pythons
  3 bats
  2 frilled lizards
  7 rats
142 creatures vanquished.

Notes
Turn   | Place    | Note
-------+----------+-------------------------------------------
     0 | D:1      | barney the Draconian Transmuter began the quest for the
                  | Orb.
     0 | D:1      | Reached XP level 1. HP: 16/16 MP: 3/3
   570 | D:1      | Reached XP level 2. HP: 17/23 MP: 5/5
   680 | D:1      | Reached skill level 3 in Transmutations
  1711 | D:2      | Reached XP level 3. HP: 28/28 MP: 4/6
  1725 | D:2      | Learned a level 3 spell: Spider Form
  1876 | D:2      | Reached skill level 4 in Transmutations
  2274 | D:2      | Reached XP level 4. HP: 32/35 MP: 7/7
  2552 | D:2      | Noticed Natasha
  2559 | D:2      | Killed Natasha
  2957 | D:2      | Noticed Natasha
  2969 | D:2      | Killed Natasha
  2970 | D:2      | Reached skill level 5 in Transmutations
  2999 | D:3      | Noticed Robin
  3109 | D:3      | Reached XP level 5. HP: 40/40 MP: 4/8
  3115 | D:3      | Killed Robin
  3761 | D:3      | Found a radiant altar of Vehumet.
  3802 | D:3      | Became a worshipper of Vehumet
  4112 | D:3      | Learned a level 4 spell: Ice Form
  4556 | D:4      | Reached skill level 1 in Ice Magic
  4556 | D:4      | Reached XP level 6. HP: 47/47 MP: 7/9
  4570 | D:4      | Reached skill level 6 in Transmutations
  5181 | D:4      | Noticed Eustachio
  5216 | D:4      | Killed Eustachio
  5217 | D:4      | Your scales start taking on a glossy black colour.
  5217 | D:4      | Reached XP level 7. HP: 45/52 MP: 9/12
  5217 | D:4      | Gained mutation: You are resistant to electric shocks.
                  | (rElec) [Black Draconian growth]
  5265 | D:4      | Learned a level 2 spell: Wereblood
  5566 | D:4      | Reached * piety under Vehumet
  5566 | D:4      | Offered knowledge of Freeze by Vehumet.
  5804 | D:5      | Entered Level 5 of the Dungeon
  5913 | D:5      | Found a burning altar of Makhleb.
  6359 | D:5      | Found a shadowy altar of Dithmenos.
  6359 | D:5      | Found a sacrificial altar of Ru.
  6466 | D:5      | Found a faded altar of an unknown god.
  6468 | D:5      | Found a blossoming altar of Fedhas.
  6470 | D:5      | Found a stormy altar of Qazlal.
  7452 | D:5      | Reached skill level 7 in Transmutations
  7981 | D:6      | Reached XP level 8. HP: 23/59 MP: 8/14
  8013 | D:6      | Found a sparkling altar of Nemelex Xobeh.
  8013 | D:6      | Found an opulent altar of Gozag.
  8438 | D:6      | Found Hepohom's Antique Weapon Emporium.
  9330 | D:7      | HP: 2/59 [poisoned by a killer bee]
  9331 | D:7      | Succumbed to a killer bee's poison

Illustrated notes

Levels and vault maps discovered:
D:1:      erik_arrival_triangle_small, layout_basic, serial_park_tiny_pond,
          minmay_tetromino_i4
D:2:      layout_rooms, uniq_natasha
D:3:      layout_loops_ring, nicolae_vehumet_radiance, st_stairs_8,
          kennysheep_generic_room_6, uniq_robin
D:4:      kennysheep_slugbush, layout_loops_ring, uniq_eustachio
D:5:      layout_basic, makhleb_heckhound_becter,
          chequers_temple_overflow_minitemple
D:6:      layout_cave_pods, grunt_temple_overflow_opulence, enter_ossuary_2,
          serial_shops, nicolae_shop_overgrown_old_shop,
          hangedman_abyss_or_decor_passed
D:7:      layout_basic, minmay_temple_entry_enclosed_plants

Skill      XL: |  1  2  3  4  5  6  7 |
---------------+----------------------+-----
Transmutations | 3 4 5 6 7 |  7.6
Ice Magic      | 1 2 4 |  4.8
Spellcasting   | 3 4 |  4.9
Fighting       | |  1.1
Dodging        | |  1.7
Unarmed Combat | |  3.0

Action                   |  1- 3 |  4- 6 |  7- 9 || total
-------------------------+-------+-------+-------++-------
Melee: Unarmed           |   140 |   121 |    70 ||   331
       Headbutt          |     4 |     3 |     5 ||    12
       Kick              |    14 |    11 |     1 ||    26
       Tailslap          |    10 |    10 |     4 ||    24
       Punch             |     1 |     1 |       ||     2
       Whip              |       |    68 |    66 ||   134
 Cast: Beastly Appendage |    18 |    13 |     9 ||    40
       Spider Form       |     6 |    19 |     7 ||    32
       Wereblood         |       |       |     2 ||     2
       Ice Form          |       |       |     1 ||     1
 Abil: Breathe Lightning |       |       |     1 ||     1
       End Transformatio |       |       |     1 ||     1
  Use: Scroll            |       |       |    12 ||    12
       Potion            |       |       |     9 ||     9
Armor: Skin              |    31 |    44 |    22 ||    97
Dodge: Dodged            |   142 |   242 |   145 ||   529
